 Dungeon Crawl Stone Soup version 0.23.2 (webtiles) character file.

Game seed: 15184342508804248910

43 Kairos the Sneak (level 3, 16/16 HPs)
             Began as a Spriggan Enchanter on Apr 9, 2019.
             Quit the game on level 2 of the Dungeon.
             The game lasted 00:01:41 (2812 turns).

Kairos the Sneak (Spriggan Enchanter)               Turns: 2812, Time: 00:01:41

Health: 16/16      AC:  3    Str:  1 (4)  XL:     3   Next: 37%
Magic:  8/8        EV: 18    Int: 14 (17) God:
Gold:   45         SH:  0    Dex: 13 (16) Spells: 6/7 levels left

rFire    . . .     SeeInvis +   a - +1 dagger
rCold    . . .     Gourm    .   (shield restricted)
rNeg     . . .     Faith    .   b - +1 robe
rPois    .         Spirit   .   (helmet restricted)
rElec    .         Reflect  .   (no cloak)
rCorr    .         Harm     .   (gloves unavailable)
MR       .....                  (boots unavailable)
Stlth    +++.......             (no amulet)
HPRegen  0.05/turn              (no ring)
MPRegen  0.11/turn              (no ring)

@: very quick
A: very small, unfitting armour, see invisible, herbivore, speed 3, slow
metabolism 2
a: no special abilities


You were on level 2 of the Dungeon.
You were not hungry.

You visited 1 branch of the dungeon, and saw 2 of its levels.

You collected 45 gold pieces.

Inventory:

Hand Weapons
 a - a +1 dagger (weapon)
Missiles
 g - a throwing net (quivered)
Armour
 b - a +1 robe (worn)
Scrolls
 c - a scroll of amnesia {unknown}
Potions
 e - 2 potions of flight
 f - a potion of degeneration
Comestibles
 d - 7 rations


   Skills:
 + Level 0.2 Fighting
 + Level 1.3 Short Blades
 + Level 3.7 Dodging
 + Level 5.4 Stealth
 + Level 2.8 Spellcasting
 + Level 4.1 Hexes


You had 6 spell levels left.
You knew the following spells:

 Your Spells              Type           Power        Failure   Level  Hunger
a - Corona                Hex            ##.....      4%          1    #......

Your spell library contained the following spells:

 Spells                   Type           Power        Failure   Level  Hunger
 Confuse                  Hex            ##......     12%         3    ###....
 Tukima's Dance           Hex            ##......     12%         3    ###....
 Ensorcelled Hibernation  Hex/Ice        #.....       14%         2    ##.....
 Dazzling Spray           Conj/Hex       #.....       28%         3    ###....


Dungeon Overview and Level Annotations

Branches:
Dungeon (2/15)

Altars:


Innate Abilities, Weirdness & Mutations

You are very small and have problems with some larger weapons.
You are too small for most types of armour.
You have supernaturally acute eyesight. (SInv)
You are a herbivore.
You cover ground extremely quickly.
You need to consume almost no food.


Message History

The bat is heavily wounded.
The bat closely misses you.
A bat is nearby!
You closely miss the bat.
The bat is heavily wounded.
The bat barely misses you.
A bat is nearby!
The bat hits you but does no damage.
A bat is nearby!
You closely miss the bat.
The bat is moderately wounded.
The bat misses you. The bat closely misses you.
A bat is nearby!
A bat is nearby!
You hit the bat but do no damage.
The bat is moderately wounded.
The bat misses you.
A bat is nearby!
Are you sure you want to abandon this character and quit the game? (Confirm with "yes".)

#.....#.#############
.##.###.#.......#
......?....#####.#
.##..(..#.#####
....###†.......
.##.?....$###.# #
#............
#.......#####
#...@...# ###
#b......# ...
#.......# ##
#.......# .###
........... ....
............. ####
.........#.####
..######.#.# #.##


You could see a bat.

Vanquished Creatures
  An ooze (D:1)
  3 dart slugs (D:1)
  2 leopard geckos (D:1)
  2 ball pythons (D:1)
  A giant cockroach (D:1)
  2 goblins
  5 hobgoblins (D:1)
  A quokka (D:2)
  A bat (D:1)
  A frilled lizard (D:1)
  4 kobolds (D:1)
  7 rats
30 creatures vanquished.

Notes
Turn   | Place    | Note
-------+----------+-------------------------------------------
     0 | D:1      | Kairos the Spriggan Enchanter began the quest for the Orb.
     0 | D:1      | Reached XP level 1. HP: 9/9 MP: 5/5
    84 | D:1      | Reached XP level 2. HP: 8/13 MP: 6/6
   915 | D:1      | Reached skill level 5 in Stealth
  1604 | D:1      | Reached XP level 3. HP: 8/16 MP: 8/8
  2812 | D:2      | Quit the game

Skill      XL: |  1  2 |
---------------+-------+-----
Hexes          | 4 |  4.1
Stealth        | 5 |  5.4
Fighting       | |  0.2
Short Blades   | |  1.3
Dodging        | |  3.7
Spellcasting   | |  2.8

Action                   || total
-------------------------++-------
Melee: Dagger            ||   151
  Use: Scroll            ||     2
       Potion            ||     1
 Stab: Sleeping          ||    10
Armor: Robe              ||    13
Dodge: Dodged            ||   116
